 Dungeon Crawl Stone Soup version 0.20-a0-208-g55166f7 (webtiles) character file.

4 deepsabbath the Firebug (level 1, 0/10 HPs)
             Began as a Deep Elf Fire Elementalist on Nov 25, 2016.
             Slain by a hobgoblin
             ... wielding a +0 club
              (5 damage)
             ... on level 1 of the Dungeon.
             The game lasted 00:01:15 (644 turns).

deepsabbath the Firebug (Deep Elf Fire Elementalist) Turns: 644, Time: 00:01:16

Health: 0/10       AC:  2    Str:  5    XL:     1   Next: 58%
Magic:  6/6        EV: 13    Int: 19    God:
Gold:   36         SH:  0    Dex: 15    Spells: 6/6 levels left

rFire  . . .     SeeInvis .     (no weapon)
rCold  . . .     Gourm    .     a - +0 robe
rNeg   . . .     Faith    .     (no shield)
rPois  .         Spirit   .     (no helmet)
rElec  .         Reflect  .     (no cloak)
rCorr  .         Harm     .     (no gloves)
MR     .....                    (no boots)
Stlth  ++........               (no amulet)
                                (no ring)
                                (no ring)

@: no status effects
A: no striking features
a: no special abilities


You were on level 1 of the Dungeon.
You were not hungry.

You visited 1 branch of the dungeon, and saw 2 of its levels.

You collected 36 gold pieces.

Inventory:

Missiles
 e - 25 stones (quivered)
Armour
 a - a +0 robe (worn)
Wands
 f - a wand of random effects (0/48)
   (You found it on level 2 of the Dungeon)
Scrolls
 d - a scroll of magic mapping {unknown}
Books
 b - a book of Flames
Comestibles
 c - 2 bread rations {@e1}


   Skills:
 + Level 3.0 Dodging
 - Level 2.4 Stealth
 - Level 3.0 Spellcasting
   Level 1.1 Conjurations
   Level 3.2 Fire Magic


You had 6 spell levels left.
You didn't know any spells.

Dungeon Overview and Level Annotations

Branches:
Dungeon (2/15)

Altars:


Message History

The kobold hits you.
You take 1 damage, and have 9/10 hp.
You see here a frilled lizard corpse.
You closely miss the frilled lizard. The frilled lizard barely misses you.
You completely miss the frilled lizard. The frilled lizard misses you.
You hit the frilled lizard but do no damage.
The frilled lizard bites you.
You take 2 damage, and have 7/10 hp.
You hit the frilled lizard.
You kill the frilled lizard!
You barely miss the kobold. The kobold hits you.
You take 2 damage, and have 5/10 hp.
You are too injured to fight recklessly!
Aim: a kobold The kobold appears confused.
Evoking this partially-identified wand wasted a few charges.
The kobold gestures wildly.
You are too injured to fight recklessly!
You are too injured to fight recklessly!
You are too injured to fight recklessly!
You see here a frilled lizard corpse.
You barely miss the kobold. The kobold closely misses you.
You hit the kobold but do no damage. The kobold hits you.
You take 1 damage, and have 5/10 hp.
You hit the kobold but do no damage.
The kobold seems less confused.
The kobold closely misses you.
You hit the kobold. The kobold closely misses you.
You hit the kobold but do no damage. The kobold hits you but does no damage.
You closely miss the kobold. The kobold misses you.
You closely miss the kobold. The kobold misses you.
You miss the kobold. The kobold closely misses you.
You barely miss the kobold. The kobold hits you but does no damage.
You miss the kobold. The kobold hits you.
You take 1 damage, and have 4/10 hp.
You hit the kobold but do no damage. The kobold closely misses you.
Aim: a kobold (moderately wounded)
The kobold looks slightly unstable.
Evoking this partially-identified wand wasted a few charges.
The kobold hits you.
* * * LOW HITPOINT WARNING * * *
You take 1 damage, and have 3/10 hp.
Aim: a kobold (moderately wounded) Nothing appears to happen.
The kobold barely misses you.
Okay, then.
As you read the scroll labeled WOXYGEL XEKACK, it crumbles to dust.
It is a scroll of amnesia.
Forget which spell ([?*] list [ESC] exit)?
Your memory of Flame Tongue unravels.
The kobold disappears!
Unknown command.
You start resting.
Health restored: 10
e - 24 stones (gained 1)
e - 25 stones (gained 1)
e - 30 stones (gained 5)
d - a scroll labeled DADIOT ARAD
e - 31 stones (gained 1)
e - 32 stones (gained 1)
Okay, then.
A rat comes into view.
Aim: a rat (resting)
You throw a stone. The stone hits the rat.
Aim: a rat (heavily wounded)
You throw a stone. The stone hits the rat.
You kill the rat!
Your Dodging skill increases to level 3!
No target in view!
No target in view!
No target in view!
No target in view!
No target in view!
A hobgoblin comes into view. It is wielding a club.
The hobgoblin shouts!
Aim: a hobgoblin, wielding a club You throw a stone.
The stone barely misses the hobgoblin.
Aim: a hobgoblin, wielding a club You throw a stone.
The stone hits the hobgoblin but does no damage.
Aim: a hobgoblin, wielding a club You throw a stone.
The stone hits the hobgoblin.
Aim: a hobgoblin, wielding a club (lightly wounded)
You throw a stone.
The stone hits the hobgoblin but does no damage.
Aim: a hobgoblin, wielding a club (lightly wounded)
You throw a stone.
The stone hits the hobgoblin but does no damage.
The hobgoblin misses you.
You closely miss the hobgoblin. The hobgoblin hits you with a club.
You take 3 damage, and have 7/10 hp.
MASSIVE DAMAGE!!
You closely miss the hobgoblin. You hit the hobgoblin but do no damage.
The hobgoblin hits you but does no damage.
Unknown command.
You hit the hobgoblin but do no damage. The hobgoblin barely misses you.
You hit the hobgoblin but do no damage. The hobgoblin hits you with a club.
You take 2 damage, and have 5/10 hp.
You hit the hobgoblin but do no damage. The hobgoblin closely misses you.
You barely miss the hobgoblin. The hobgoblin hits you with a club.
Ouch! That really hurt!
You die...

#...# # ..?..##...# #.
.....##...#
#.####....##...#
#..........#...#
#..........#...#
###..........#...#
.............#...#
.(((((g@.....#...#
..(.######..##...#######
. #..##..........
####...##..#######
...................
..#####..#.........
##...........
#.[.........
..######....#######


You could see a hobgoblin.

Vanquished Creatures
  A goblin (D:2)
  3 frilled lizards (D:1)
  2 rats (D:1)
6 creatures vanquished.

Notes
Turn   | Place    | Note
-------+----------+-------------------------------------------
     0 | D:1      | deepsabbath the Deep Elf Fire Elementalist began the quest for the Orb.
     0 | D:1      | Reached XP level 1. HP: 10/10 MP: 6/6
   631 | D:1      | Reached skill level 3 in Dodging
   644 | D:1      | Slain by a hobgoblin

Vault maps used:
D:1:      elethiomel_arrival_shortcut, kennysheep_another_room,
          bh_walls_and_bars
D:2:      hangedman_decor_push, fountainhead, minmay_misc_feat_more_columns

Skill      XL: |  1 |
---------------+----+-----
Dodging        | 3 |  3.0
Stealth        | |  2.4
Spellcasting   | |  3.0
Conjurations   | |  1.1
Fire Magic     | |  3.2

Action                   || total
-------------------------++-------
Melee: Unarmed           ||    52
Throw: Stone             ||    19
Evoke: Wand              ||     2
  Use: Scroll            ||     1
 Stab: Sleeping          ||     1
Armor: Robe              ||     3
Dodge: Dodged            ||    40

Vault maps used:
D:1:      elethiomel_arrival_shortcut, kennysheep_another_room,
          bh_walls_and_bars
D:2:      hangedman_decor_push, fountainhead, minmay_misc_feat_more_columns

Table legend:
 A = Turns spent in this place as a percentage of turns spent in the entire game.
 B = Non-inter-level travel turns spent in this place as a percentage of non-inter-level travel turns spent in the entire game.
 C = Inter-level travel turns spent in this place as a percentage of turns spent in this place.
 D = Turns resting spent in this place as a percentage of non-inter-level travel turns spent in this place.
 E = Turns spent auto-exploring this place as a percentage of non-inter-level travel turns spent in this place.
 F = Non-inter-level travel turns spent in this place divided by the number of levels of this place that you've seen.
                   A       B       C       D       E      F
               +-------+-------+-------+-------+-------+----------------------
         Total | 100.0 | 100.0 |   0.6 |   3.6 |   5.3 |  84.5
       Dungeon | 100.0 | 100.0 |   0.6 |   3.6 |   5.3 |  84.5
               +-------+-------+-------+-------+-------+----------------------

Table legend:
 A = Kills in this place as a percentage of kills in entire the game.
 B = Kills by you in this place as a percentage of kills by you in the entire game.
 C = Kills by friends in this place as a percentage of kills by friends in the entire game.
 D = Other kills in this place as a percentage of other kills in the entire game.
 E = Experience gained in this place as a percentage of experience gained in the entire game.
 F = Experience gained in this place divided by the number of levels of this place that you have seen.
                   A       B       C       D       E      F
               +-------+-------+-------+-------+-------+----------------------
         Total | 100.0 | 100.0 |  -nan |  -nan | 100.0 |   3.5
       Dungeon | 100.0 | 100.0 |  -nan |  -nan | 100.0 |   3.5
               +-------+-------+-------+-------+-------+----------------------
